 Dungeon Crawl Stone Soup version 0.27-a0-1502-g47ed6a6988 (webtiles) character file.

Game seed: 1816373643806556248

90353 ABBCCCDDDD the Warrior (level 16, -35/140 HPs)
             Began as a Djinni Ice Elementalist on July 8, 2021.
             Was the Champion of Ashenzari.
             Killed from afar by a shard shrike (38 damage)
             ... with a shard of ice
             ... in an ice cave.
             The game lasted 02:08:46 (38478 turns).

ABBCCCDDDD the Warrior (Djinni Ice Elementalist)   Turns: 38478, Time: 02:08:46

Health: -35/140    AC: 12    Str:  8    XL:     16   Next: 46%
Gold:   1248       EV: 23    Int: 23    God:    Ashenzari [******] SH: 10 Dex: 14

rFire    + + +     SeeInvis +   I - +3 short sword of Ouranomancy {elec, Evo, Self} (curse)
rCold    + . .     Faith    .   V - +0 buckler "Shackled With Me" {Melee, Evo} (curse)
rNeg     . . .     Spirit   .   S - +3 leather armour of Desmomancy {rC+, Evo, Cun} (curse)
rPois    ∞         Reflect  +   U - +2 hat of the Profound Burden {Will+, Evo, Fort} (curse)
rElec    .         Harm     .   p - scarf of the Astral Mistrust {rC+ rF+, Melee, Cun} (curse)
rCorr    .         Rampage  .   T - +1 pair of gloves "Share My Anxiety" {archery, Range, Self} (curse)
Will     +++..     Clarity  +   (boots unavailable)
Stlth    ++++......             E - amulet "Astrological Negation" {Reflect SH+5, Cun, Melee} (curse)
HPRegen  0.33/turn              O - ring of Ashenzari's Omen {EV+4, Fort, Self} (curse)
MPRegen  0.00/turn              R - ring "Yoke of the All-Knowing" {Will+, Evo, Fort} (curse)

@: about to teleport, flying
A: sickness immunity, fire resistance 2, cold vulnerability 1, float, innate
caster, hp casting, extra vitality 1
a: Renounce Religion, Shatter the Chains


You were in an ice cave.
You worshipped Ashenzari.
Ashenzari was exalted by your worship.
You visited 6 branches of the dungeon, and saw 25 of its levels.
You also visited: Ice Cave and Volcano.

You collected 2396 gold pieces.
You spent 1148 gold pieces at shops.

Inventory:

Hand Weapons
 H - a +4 long sword of venom
 I - the cursed +3 short sword of Ouranomancy (weapon) {elec, Evo, Self}
   (You took it off a kobold on level 9 of the Dungeon)

   Occasionally, upon striking a foe, it can discharge electrical energy and
   cause terrible harm.
   It has a curse which improves the following skills: Evocations: Evocations.
   Introspection: Fighting and Spellcasting.
Missiles
 i - 78 poisoned darts (quivered)
 n - 19 javelins
 s - 13 curare-tipped darts
 F - 3 throwing nets
Armour
 e - a +1 leather armour of willpower
 m - a +4 chain mail of fire resistance
 p - the cursed scarf of the Astral Mistrust (worn) {rC+ rF+, Melee, Cun}
   (You found it on level 5 of the Dungeon)

   It has a curse which improves the following skills: Melee Combat: Short
   Blades, Long Blades, Axes, Maces & Flails, Polearms, Staves and Unarmed
   Combat.
   Cunning:   Dodging and Stealth.
 v - a +2 leather armour of resistance
 M - a +0 kite shield
 S - the cursed +3 leather armour of Desmomancy (worn) {rC+, Evo, Cun}
   (You bought it in a shop on level 2 of the Orcish Mines)

   It has a curse which improves the following skills: Evocations: Evocations.
   Cunning:   Dodging and Stealth.
 T - the cursed +1 pair of gloves "Share My Anxiety" (worn) {archery, Range, Self}
   (You bought it in a shop on level 2 of the Orcish Mines)

   It has a curse which improves the following skills: Ranged Combat: Slings,
   Bows, Crossbows and Throwing.
   Introspection: Fighting and Spellcasting.
 U - the cursed +2 hat of the Profound Burden (worn) {Will+, Evo, Fort}
   (You took it off Gastronok on level 1 of the Lair of Beasts)

   It has a curse which improves the following skills: Evocations: Evocations.
   Fortitude: Armour and Shields.
 V - the cursed +0 buckler "Shackled With Me" (worn) {Melee, Evo}
   (You found it on level 3 of the Lair of Beasts)

   It has a curse which improves the following skills: Melee Combat: Short
   Blades, Long Blades, Axes, Maces & Flails, Polearms, Staves and Unarmed
   Combat.
   Evocations: Evocations.
Jewellery
 h - a ring of resist corrosion
 x - a ring of protection from fire
 E - the cursed amulet "Astrological Negation" (around neck) {Reflect SH+5, Cun, Melee}
   (You found it on level 9 of the Dungeon)

   [amulet of reflection]

   It reflects blocked missile attacks.
   SH:        It affects your SH (+5).
   It has a curse which improves the following skills: Cunning: Dodging and
   Stealth.
   Melee Combat: Short Blades, Long Blades, Axes, Maces & Flails, Polearms,
   Staves and Unarmed Combat.
 O - the cursed ring of Ashenzari's Omen (left hand) {EV+4, Fort, Self}
   (You took it off a centaur on level 11 of the Dungeon)

   [ring of evasion]

   EV:        It affects your evasion (+4).
   It has a curse which improves the following skills: Fortitude: Armour and
   Shields.
   Introspection: Fighting and Spellcasting.
 R - the cursed ring "Yoke of the All-Knowing" (right hand) {Will+, Evo, Fort}
   (You bought it in a shop on level 2 of the Orcish Mines)

   [ring of willpower]

   Will:      It increases your willpower.
   It has a curse which improves the following skills: Evocations: Evocations.
   Fortitude: Armour and Shields.
Wands
 B - a wand of flame (64)
 G - a wand of digging (7)
 K - a wand of acid (38)
 P - a wand of mindburst (26)
 Q - a wand of iceblast (7)
 W - a wand of charming (15)
Scrolls
 a - 4 scrolls of enchant armour
 d - 8 scrolls of teleportation
 g - 3 scrolls of amnesia
 j - 3 scrolls of torment
 o - 3 scrolls of fog
 r - 2 scrolls of summoning
 t - 3 scrolls of silence
 w - 4 scrolls of enchant weapon
 y - a scroll of fear
 A - a scroll of holy word
 C - 2 scrolls of magic mapping
Potions
 b - 8 potions of curing
 c - 7 potions of magic
 f - 3 potions of cancellation
 k - a potion of brilliance
 l - 9 potions of haste
 q - 3 potions of might
 u - 3 potions of lignification
 z - 2 potions of resistance
 J - 2 potions of berserk rage
 N - 2 potions of invisibility
 X - a potion of mutation
Miscellaneous
 L - a piece from Xom's chessboard (15/15)


   Skills:
 + Level 16.4(21.5) Fighting
 - Level 8.3(14.0) Long Blades
 + Level 8.4(14.1) Armour
 + Level 10.7(16.2) Dodging
 - Level 3.1(8.0) Stealth
 - Level 1.5(5.2) Shields
 - Level 12.4(17.8) Spellcasting
 - Level 3.0(9.6) Evocations


You had 14 spell levels left.
You knew the following spells:

 Your Spells              Type           Power      Damage    Failure   Level
a - Freeze                Ice            100%       1d11      0%          1
b - Frozen Ramparts       Ice            100%       1d12      0%          3
c - Ozocubu's Armour      Ice            80%        N/A       0%          3
d - Hailstorm             Conj/Ice       80%        3d16      1%          4
e - Sting                 Tmut/Pois      100%       1d8       0%          1
f - Passwall              Tmut/Erth      66%        N/A       0%          2
g - Poisonous Vapours     Pois/Air       100%       N/A       0%          2
h - Summon Lightning Spi  Summ/Air       80%        N/A       1%          4
i - Lightning Bolt        Conj/Air       40%        1d59      1%          5
j - Borgnjor's Vile Clut  Necr/Erth      40%        N/A       1%          5
k - Iron Shot             Conj/Erth      40%        9d8       1%          6
Your spell library was empty.

Dungeon Overview and Level Annotations

Branches:
Dungeon (12/15)            Temple (1/1) D:4            Lair (6/6) D:8
  Swamp (3/4) Lair:2       Spider (1/4) Lair:2        Slime (0/5) Lair:6
    Orc (2/2) D:9             Elf (0/3) Orc:2         IceCv (1/1)
Volcano (visited)

Altars:
Ashenzari
Cheibriados
Dithmenos
Elyvilon
Fedhas
Gozag
Hepliaklqana
Kikubaaqudgha
Makhleb
Nemelex Xobeh
Okawaru
Qazlal
Ru
Sif Muna
Trog
Uskayaw
Vehumet
Wu Jian
Xom
Yredelemnul
Zin
The Shining One
Beogh

Shops:
D:5 (   D:8 *   Orc:1 ?   Orc:2 ([=[[

Annotations:
D:3 3 runed translucent doors, zero's ghost, amateur DECj
D:4 3 runed translucent doors, PeterLawrence's ghost, amateur MiFi
D:11 exclusion: boulder beetle
Swamp:1 1 runed translucent door, wakim's ghost, adept DEIE


Innate Abilities, Weirdness & Mutations

You are immune to sickness and miasma.
You are immune to poison.
Your flesh is very heat resistant. (rF++)
You are vulnerable to cold. (rC-)
You float through the air rather than walking.
You learn spells naturally, not from books.
Your magical power is your life essence.
You have superior vitality. (+4 HP)


Message History

Okay, then.
Unknown command.
As you read the scroll of fear, it crumbles to dust.
You assume a fearsome visage.
The ironbound frostheart easily resists.
The shard shrike looks frightened!
The white ugly thing resists with some effort.
Press: ? - help, v - describe, . - travel The floor.
Okay, then.
Unknown command.
Okay, then.
Press: ? - help, v - describe, . - travel
Here: a white ugly thing The floor.
Press: ? - help, v - describe, . - travel
Here: a shard shrike (moderately wounded)
The floor.
Okay, then.
Blink to where?
Press: ? - help, Dir - move target
As you read the scroll of blinking, it crumbles to dust.
Casting: Lightning Bolt (safe; 1% risk of failure)
Confirm with . or Enter, or press ? or * to list all spells.
Okay, then.
Unknown command.
As you read the scroll of fear, it crumbles to dust.
You assume a fearsome visage.
Nothing appears to happen.
The ice encasing you melts away.
The shard shrike seems to regain its courage.
You block the shard shrike's attack.
As you read the scroll of fear, it crumbles to dust.
You assume a fearsome visage.
The shard shrike looks frightened!
The white ugly thing looks frightened!
As you read the scroll of teleportation, it crumbles to dust.
You feel strangely unstable.
Cornered, the shard shrike turns to fight!
The shard shrike spits a shard of ice at you.
The shard of ice hits you!!! You partially resist.
You die...

* , ****, * *#. * ,##
#.,* ,* .# .. * **
######.##.##### ,*
#####.##..##### .,
######.##.###### ..
.#####.###..#####
..pp#####.{##..@#####
,
....###..#b.#...####
#..###{#.#.#...#### ,
*#.†#.p######..#### ∆
##{.p##≈##≈#.†#### ,∆
###p##≈≈#≈≈##†#### ,
* #####≈≈≈≈≈≈##.####
,* #####≈≈≈≈≈≈#.#####
* ####≈≈≈≈≈≈≈#†#####


You could see a shard shrike (catching breath).

Vanquished Creatures
  Jorgrun (D:12)
  Gastronok (Lair:1)
  A thorn hunter (Swamp:3)
  A bunyip (Swamp:2)
  A white draconian (IceCv)
  9 eleionomae
  3 hydras
  Harold (D:9)
  A boulder beetle (Lair:2)
  A catoblepas (Lair:6)
  5 alligators
  9 orc high priests
  9 death yaks
  Sonja (D:12)
  A death drake (Swamp:1)
  A spriggan druid (Swamp:2)
  A swamp dragon (Swamp:1)
  2 bog bodies (Swamp:1)
  2 anaconda skeletons (Volcano)
  An orb spider (Spider:1)
  An orc knight (D:9)
  10 ugly things
  An orc sorcerer (Orc:2)
  2 manticores (Lair:6)
  Maurice (Orc:2)
  2 elephants (Lair:5)
  4 cane toads
  4 gargoyles
  9 rime drakes
  A komodo dragon (Lair:4)
  An anaconda simulacrum (Swamp:3)
  3 trolls (Orc:2)
  A hornet (D:9)
  A bloated husk (Swamp:3)
  10 polar bears (IceCv)
  4 tyrant leeches
  5 slime creatures (D:12)
  3 blink frogs (Lair:6)
  A meliai zombie (D:11)
  2 flying skulls (Volcano)
  2 redbacks (Spider:1)
  38 yaks
  A wyvern (Lair:5)
  A vampire (D:12)
  2 tarantellas (Spider:1)
  A basilisk (D:8)
  8 vampire mosquitoes
  A harpy simulacrum (Swamp:3)
  3 wargs
  4 swamp worms
  5 water moccasins
  An acid dragon (D:12)
  A swamp drake (Swamp:2)
  8 orc warriors
  A sky beast (D:7)
  8 wolves
  3 centaurs
  An alligator simulacrum (Swamp:3)
  2 ogres
  A kobold brigand (D:9)
  6 bullfrogs
  A gnoll sergeant (D:5)
  6 scorpions
  A wyvern zombie (D:5)
  A deep troll simulacrum (Swamp:3)
  A water moccasin zombie (D:5)
  A killer bee (D:9)
  2 troll skeletons (Volcano)
  6 electric eels
  2 centaur zombies
  A gnoll shaman (D:5)
  2 jellies
  2 hounds (D:6)
  2 centaur skeletons
  12 orc priests
  5 iguanas
  4 orc wizards
  A howler monkey zombie (D:8)
  7 adders
  22 gnolls
  A white imp (D:6)
  2 ufetubi
  2 worms
  3 dart slugs
  53 orcs
  3 ball pythons
  5 endoplasms
  4 giant cockroaches
  7 goblins
  8 hobgoblins
  11 kobolds
  5 quokkas
  9 bats
  3 frilled lizards
  4 rats
415 creatures vanquished.

Vanquished Creatures (collateral kills)
  3 bunyips
  Erolcha (Orc:1)
  5 hydras
  An ironbound frostheart (IceCv)
  A two-headed ogre (D:8)
  5 alligators
  2 catoblepae (Lair:6)
  2 death yaks
  2 orc high priests (Orc:2)
  3 goliath frogs
  2 skeletal warriors (Volcano)
  A swamp dragon (Swamp:1)
  3 cyclopes
  4 ugly things
  A manticore (D:12)
  3 black mambas
  Joseph (Lair:1)
  4 elephants (Lair:5)
  3 komodo dragons
  10 rime drakes
  7 cane toads
  A demonic crawler (Lair:2)
  2 tyrant leeches
  5 trolls
  2 jumping spiders
  7 polar bears
  3 blink frogs
  3 slime creatures (D:12)
  A flying skull (Volcano)
  An alligator skeleton (Volcano)
  A tarantella (Spider:1)
  2 redbacks (Spider:1)
  30 yaks
  A wraith (D:12)
  3 wyverns
  A dire elephant simulacrum (Swamp:3)
  A spriggan simulacrum (Swamp:3)
  3 basilisks
  A minotaur simulacrum (Swamp:3)
  3 wargs (Orc:2)
  2 vampire mosquitoes (D:12)
  2 acid dragons
  9 water moccasins
  8 swamp worms
  9 orc warriors
  A black bear (Lair:4)
  A necrophage (D:7)
  2 ogres (Orc:2)
  16 wolves
  3 centaurs
  3 kobold brigands
  3 bullfrogs
  A gnoll sergeant (D:10)
  4 scorpions (Lair:2)
  A water moccasin zombie (D:7)
  A wyvern zombie (D:8)
  4 killer bees (D:9)
  2 centaur zombies
  17 orc priests
  An iguana (D:8)
  5 orc wizards
  A howler monkey zombie (D:9)
  4 gnolls (D:10)
  25 orcs
  2 giant cockroaches (Lair:2)
  10 kobolds
272 creatures vanquished.

Vanquished Creatures (others)
  2 rime drakes (IceCv)
  A bloated husk (Swamp:2)
  2 polar bears (IceCv)
  40 fungi
  104 plants
149 creatures vanquished.

Grand Total: 836 creatures vanquished

Notes
Turn   | Place    | Note
-------+----------+-------------------------------------------
     0 | D:1      | ABBCCCDDDD the Djinni Ice Elementalist began the quest for
                  | the Orb.
     0 | D:1      | Reached XP level 1. HP: 15/15 MP: 0/0
   203 | D:1      | Reached skill level 1 in Fighting
   203 | D:1      | Reached XP level 2. HP: 5/22 MP: 0/0
   589 | D:1      | Reached XP level 3. HP: 17/27 MP: 0/0
   589 | D:1      | Learned a level 1 spell: Sting
  1586 | D:2      | Reached XP level 4. HP: 20/33 MP: 0/0
  1848 | D:2      | Reached skill level 2 in Fighting
  2458 | D:2      | Found a faded altar of an unknown god.
  2835 | D:3      | Noticed a bullfrog
  2848 | D:3      | Killed a bullfrog
  2849 | D:3      | Reached XP level 5. HP: 8/39 MP: 0/0
  2849 | D:3      | Learned a level 2 spell: Passwall
  3281 | D:3      | Found a glowing silver altar of Zin.
  3507 | D:3      | Reached XP level 6. HP: 43/45 MP: 0/0
  3519 | D:2      | Reached skill level 3 in Fighting
  3779 | D:3      | Identified the +10 hand axe of Dominance {holy, rPois MP+9}
  3779 | D:3      | Identified the +0 leather armour of the Heavens {rN+ Dex+5}
  3780 | D:3      | Found a runed translucent gate.
  3780 | D:3      | Found a runed translucent gate.
  3780 | D:3      | Noticed zero's ghost (amateur DECj)
  3781 | D:3      | Found a runed translucent gate.
  4624 | D:4      | Found a staircase to the Ecumenical Temple.
  4637 | Temple   | Entered the Ecumenical Temple
  4841 | Temple   | Became a worshipper of Ashenzari the Shackled
  5266 | D:4      | Reached skill level 5 in Dodging
  5266 | D:4      | Reached XP level 7. HP: 49/51 MP: 0/0
  5266 | D:4      | Learned a level 2 spell: Poisonous Vapours
  5337 | D:4      | Reached skill level 4 in Fighting
  5769 | D:4      | Found a runed translucent gate.
  5769 | D:4      | Found a runed translucent gate.
  5769 | D:4      | Found a runed translucent gate.
  5777 | D:4      | Noticed PeterLawrence's ghost (amateur MiFi)
  6055 | D:5      | Entered Level 5 of the Dungeon
  6131 | D:5      | Found Qesoreergh's Weapon Emporium.
  6717 | D:5      | Reached XP level 8. HP: 46/58 MP: 0/0
  6791 | D:5      | Noticed a +0 short sword
  6791 | D:5      | Noticed a +0 spear
  6791 | D:5      | Noticed a +0 dagger
  6792 | D:5      | Noticed a +0 falchion
  6792 | D:5      | Noticed a +0 dagger
  6793 | D:5      | Noticed a +0 short sword
  6794 | D:5      | Noticed a +0 spear
  6796 | D:5      | Noticed a +0 falchion
  6800 | D:5      | Found a hide-covered altar of Uskayaw.
  6840 | D:5      | Reached skill level 5 in Fighting
  7550 | D:5      | Found an opulent altar of Gozag.
  8312 | D:5      | Reached skill level 5 in Spellcasting
  8892 | D:6      | Reached XP level 9. HP: 58/66 MP: 0/0
  8892 | D:6      | Learned a level 4 spell: Summon Lightning Spire
  9644 | D:6      | Reached * piety under Ashenzari
 10220 | D:6      | Reached skill level 1 in Armour
 10372 | D:6      | Reached skill level 6 in Fighting
 10432 | D:7      | Reached ** piety under Ashenzari
 10974 | D:7      | Reached skill level 7 in Fighting
 11290 | D:8      | Noticed a two-headed ogre
 11306 | D:8      | Killed a two-headed ogre
 11819 | D:8      | Reached XP level 10. HP: 73/80 MP: 0/0
 12327 | D:8      | Found a staircase to the Lair.
 12402 | D:8      | Reached *** piety under Ashenzari
 12436 | D:8      | Found a hazy altar of Hepliaklqana.
 12472 | D:8      | Noticed an angel
 12480 | D:8      | Found Tofer's Hallowed Reliquary.
 12488 | D:8      | Bought a potion of heal wounds for 75 gold pieces
 12606 | D:8      | Found an iron altar of Okawaru.
 12651 | D:8      | Reached skill level 8 in Fighting
 12963 | D:9      | Found a burning altar of Makhleb.
 12971 | D:9      | Found a blossoming altar of Fedhas.
 13201 | D:9      | Noticed Harold
 13218 | D:9      | Killed Harold
 13402 | D:9      | Found a staircase to the Orcish Mines.
 13626 | D:9      | Reached XP level 11. HP: 62/89 MP: 0/0
 13626 | D:9      | Learned a level 5 spell: Lightning Bolt
 13830 | D:9      | Noticed a white ugly thing
 13840 | D:9      | Killed a white ugly thing
 13841 | D:9      | Reached skill level 9 in Fighting
 13841 | D:9      | Reached skill level 5 in Armour
 14218 | Lair:1   | Entered Level 1 of the Lair of Beasts
 14235 | Lair:1   | Found a dark tunnel.
 14244 | Volcano  | Entered a volcano
 14255 | Volcano  | Reached skill level 1 in Long Blades
 14354 | Volcano  | Noticed a skeletal warrior
 14388 | Volcano  | Killed a skeletal warrior
 15338 | Volcano  | Noticed a skeletal warrior
 15351 | Volcano  | Killed a skeletal warrior
 15352 | Volcano  | Reached skill level 5 in Long Blades
 15973 | Lair:1   | Noticed Joseph
 16001 | Lair:1   | Killed Joseph
 16237 | Lair:1   | Noticed Gastronok
 16472 | Lair:2   | Noticed a seven-headed hydra
 16579 | D:10     | Entered Level 10 of the Dungeon
 16603 | D:10     | Found a stormy altar of Qazlal.
 17078 | D:10     | Identified the +4 mace "Qaysoc" {venom, rF+ Str+2}
 17580 | D:11     | Noticed a boulder beetle
 17608 | D:11     | Noticed a cyclops
 17609 | D:11     | Noticed a brown ugly thing
 17628 | D:11     | Killed a cyclops
 17666 | D:11     | Killed a brown ugly thing
 17782 | D:11     | Noticed a cyclops
 17800 | D:11     | Killed a cyclops
 18921 | D:12     | Reached XP level 12. HP: 82/96 MP: 0/0
 19056 | D:12     | Noticed Jorgrun
 19061 | D:12     | Killed Jorgrun
 19062 | D:12     | Reached skill level 10 in Fighting
 19613 | D:12     | Noticed Sonja
 19617 | D:12     | Killed Sonja
 19672 | D:12     | Reached **** piety under Ashenzari
 19916 | D:12     | Reached skill level 1 in Evocations
 20446 | D:12     | Reached ***** piety under Ashenzari
 20640 | Orc:1    | Entered Level 1 of the Orcish Mines
 21253 | Orc:2    | Entered Level 2 of the Orcish Mines
 21352 | Orc:2    | Noticed an orc high priest
 21387 | Orc:2    | Reached skill level 10 in Spellcasting
 21407 | Orc:2    | Noticed an orc high priest
 21407 | Orc:2    | Noticed an orc high priest
 21409 | Orc:2    | Noticed an orc high priest
 21410 | Orc:2    | Killed an orc high priest
 21410 | Orc:2    | Noticed an orc high priest
 21411 | Orc:2    | Reached skill level 11 in Fighting
 21413 | Orc:2    | Killed an orc high priest
 21414 | Orc:2    | Reached XP level 13. HP: 45/112 MP: 0/0
 21414 | Orc:2    | Learned a level 5 spell: Borgnjor's Vile Clutch
 21417 | Orc:2    | Found Xierohan's Antique Armour Shop.
 22180 | Orc:2    | Found Vomu's Armour Emporium.
 22488 | Orc:2    | Noticed Maurice
 22500 | Orc:2    | Killed Maurice
 22622 | Orc:2    | Found Dufa's Armour Emporium.
 22650 | Orc:2    | Reached skill level 12 in Fighting
 22740 | Orc:2    | Found Botsueh's Jewellery Shop.
 22754 | Orc:2    | Bought a ring of willpower for 325 gold pieces
 22793 | Orc:2    | Bought a dyed leather armour for 170 gold pieces
 22793 | Orc:2    | Bought a pair of glowing gloves for 255 gold pieces
 23055 | Orc:2    | Found Zuagev's Antique Weapon Shop.
 23368 | Orc:2    | Found a staircase to the Elven Halls.
 24669 | Orc:1    | Noticed Erolcha
 25066 | Orc:1    | Killed Erolcha
 25191 | Orc:1    | Found Orar's Magic Scroll Shoppe.
 25199 | Orc:1    | Bought a scroll of enchant weapon for 97 gold pieces
 25199 | Orc:1    | Bought a scroll of fear for 45 gold pieces
 25199 | Orc:1    | Bought a scroll of magic mapping for 45 gold pieces
 25199 | Orc:1    | Bought a scroll of teleportation for 39 gold pieces
 25199 | Orc:1    | Bought a scroll of silence for 97 gold pieces
 25336 | Lair:1   | Killed Gastronok
 26474 | Lair:2   | Killed a seven-headed hydra
 26496 | Lair:2   | Found a hole to the Spider Nest.
 26565 | Lair:2   | Noticed a boulder beetle
 26576 | Lair:2   | Killed a boulder beetle
 26858 | Lair:2   | Found a staircase to the Swamp.
 26965 | Lair:2   | Reached skill level 13 in Fighting
 27074 | Lair:2   | Noticed a seven-headed hydra
 27080 | Lair:2   | Killed a seven-headed hydra
 27580 | Lair:3   | Reached XP level 14. HP: 113/120 MP: 0/0
 28009 | Lair:3   | Reached skill level 1 in Shields
 30237 | Lair:5   | Reached skill level 14 in Fighting
 30863 | Lair:6   | Entered Level 6 of the Lair of Beasts
 31945 | Lair:6   | Reached skill level 15 in Fighting
 32095 | Lair:6   | Found a staircase to the Slime Pits.
 32605 | Lair:6   | Reached XP level 15. HP: 100/130 MP: 0/0
 32605 | Lair:6   | Learned a level 6 spell: Iron Shot
 33374 | Spider:1 | Entered Level 1 of the Spider Nest
 33667 | Lair:2   | Reached ****** piety under Ashenzari
 33698 | Swamp:1  | Entered Level 1 of the Swamp
 34825 | Swamp:1  | Noticed a tentacled monstrosity
 34826 | Swamp:1  | Found a runed translucent door.
 34826 | Swamp:1  | Noticed wakim's ghost (adept DEIE)
 34828 | Swamp:1  | Found the +5 robe of Night {Dark Will+ SInv}
 35964 | Swamp:2  | Reached skill level 16 in Fighting
 36514 | Swamp:2  | Reached skill level 10 in Dodging
 36514 | Swamp:2  | Reached XP level 16. HP: 123/140 MP: 0/0
 36921 | Swamp:3  | Noticed a thorn hunter
 36927 | Swamp:3  | Killed a thorn hunter
 37412 | Swamp:3  | Found a frozen archway.
 37428 | IceCv    | Entered an ice cave
 38458 | IceCv    | Noticed a shard shrike
 38472 | IceCv    | HP: 1/140 [shard shrike (21)]
 38478 | IceCv    | Killed from afar by a shard shrike

Illustrated notes

Levels and vault maps discovered:
D:1:      dpeg_arrival_more_subterranean_lakeside_camping, layout_rooms
D:2:      layout_basic, serial_rivers, chequers_serial_rivers_micro_c,
          chequers_serial_rivers_micro_d, chequers_serial_rivers_small_3,
          chequers_serial_rivers_marsh,
          dreamdust_ecumenical_altar_hidden_monk_grotto
D:3:      layout_basic, mainiacjoe_overflow_small_starburst,
          biasface_ghost_orc_armoury
D:4:      layout_gridville, minmay_temple_entry_sparse_star,
          gammafunk_ghost_split, kennysheep_boxes
D:5:      layout_loops_ring, nicolae_uskayaw_en_pointe, general_overflow_altar,
          serial_shops, shop_fountains, lightli_minifort
D:6:      layout_cave_pools, minmay_misc_feat_pillars, chequers_arboretum,
          nrook_loot_triangle
D:7:      layout_loops_cross
D:8:      layout_rooms, kennysheep_mini, okawaru_metal_pillars_1_2,
          minmay_lair_entry_grove, nicolae_benzene_ring, nicolae_good_shop
D:9:      layout_basic, mainiacjoe_overflow_large_starburst, orc_0_dummy,
          uniq_harold
D:10:     layout_irregular_city, lemuel_crystal_altar
D:11:     layout_long_grid, st_stairs_4, kennysheep_opposing_triangles
D:12:     layout_gridville, minivault_16, nicolae_water_bricks, uniq_sonja,
          uniq_jorgrun
Temple:   eino_temple_water
Lair:1:   layout_layer_cave, nicolae_volcano_entry_two_sided,
          grunt_megastairs_5, infiniplex_staircase_pool, serial_bayou_shore_b,
          uniq_joseph, uniq_gastronok
Lair:2:   layout_roguey, minmay_swamp_entry_worms,
          nicolae_spider_entry_non_spiders, serial_forest,
          infiniplex_forest_zigzag_1, infiniplex_forest_end_2,
          infiniplex_forest_clump_diagonal, infiniplex_forest_clump_cross,
          infiniplex_forest_lined_2, infiniplex_forest_lined_3
Lair:3:   layout_gridlike
Lair:4:   layout_big_grid, grunt_megastairs_1
Lair:5:   layout_regular_city
Lair:6:   evilmike_catoblepas_cave, layout_regular_city,
          dpeg_slime_entry_corner, grunt_megastairs_3
Swamp:1:  layout_basic_swamp, ebering_ghost_inner_flame,
          evilmike_swamp_ruin_house_5, swamp_pool3
Swamp:2:  layout_basic_swamp, evilmike_swamp_ruin_house_1
Swamp:3:  layout_falls_marsh, portal_ice_cave_entry_ice_simulacra,
          serial_swamp_ruin, evilmike_swamp_ruin_rubble_1,
          evilmike_swamp_ruin_house_3, hangedman_swamp_ruin_wall,
          nicolae_swamp_stuck_in_the_mud, uniq_roxanne, uniq_louise
Spider:1: layout_spider_delve, gammafunk_ghost_split, uniq_frances
Orc:1:    layout_diamond_mine, serial_shops, nicolae_shop_statue_plus,
          uniq_erolcha
Orc:2:    st_orc_town, layout_diamond_mine, serial_shops, shop, basic_altar,
          special_room, uniq_maurice
IceCv:    ice_cave_caverns_02

Skill      XL: |  1  2  3  4  5  6  7  8  9 10 11 12 13 14 15 16 |
---------------+-------------------------------------------------+-----
Fighting       | 1 2 3 4 5 7 8 9 11 13 15 16 | 16.4
Stealth        | 2 3 |  3.1
Dodging        | 3 4 5 6 8 10 | 10.7
Spellcasting   | 5 6 7 8 10 11 12 | 12.4
Armour         | 2 4 6 7 8 |  8.4
Long Blades    | 5 7 8 |  8.3
Evocations     | 3 |  3.0
Shields        | 1 |  1.5

Action                   |  1- 3 |  4- 6 |  7- 9 | 10-12 | 13-15 | 16-18 || total
-------------------------+-------+-------+-------+-------+-------+-------++-------
Melee: Spear             |    61 |   103 |   284 |    24 |       |       ||   472
       Short sword       |       |       |       |    77 |   134 |     7 ||   218
Throw: Dart              |       |       |     2 |     3 |       |       ||     5
 Cast: Freeze            |    31 |    39 |    19 |     5 |       |       ||    94
       Frozen Ramparts   |     1 |     5 |     5 |    18 |     3 |       ||    32
       Ozocubu's Armour  |     1 |       |    16 |    37 |    21 |       ||    75
       Poisonous Vapours |       |       |   135 |    71 |   114 |       ||   320
       Summon Lightning  |       |       |    15 |    92 |   153 |    27 ||   287
       Hailstorm         |       |       |       |     9 |     9 |       ||    18
       Lightning Bolt    |       |       |       |    15 |    45 |     7 ||    67
       Borgnjor's Vile C |       |       |       |       |   138 |    45 ||   183
       Iron Shot         |       |       |       |       |    10 |     9 ||    19
Invok: Curse Item        |       |       |     3 |     4 |     5 |       ||    12
       Shatter the Chain |       |       |       |       |     3 |       ||     3
Evoke: Wand              |       |     2 |       |    18 |     4 |     2 ||    26
  Use: Potion            |       |     1 |       |     4 |     1 |       ||     6
       Scroll            |       |       |       |     1 |     4 |     6 ||    11
 Stab: Sleeping          |     2 |     4 |     5 |     1 |     1 |       ||    13
       Distracted        |       |       |       |     6 |     5 |     1 ||    12
Armor: Robe              |    17 |    18 |    23 |       |       |       ||    58
       Leather armour    |       |       |    86 |    52 |    74 |     1 ||   213
Dodge: Dodged            |    39 |    70 |   212 |   130 |   295 |    17 ||   763
Block: Other             |       |       |       |    16 |    53 |       ||    69
       Reflection        |       |       |       |       |     7 |     1 ||     8
       Buckler           |       |       |       |       |    42 |     5 ||    47

Table legend: (Time is in decaauts)
 A = Elapsed time spent in this place.
 B = Non-inter-level travel time spent in this place.
 C = Inter-level travel time spent in this place.
 D = Time resting spent in this place.
 E = Time spent auto-exploring this place.
 F = Levels seen in this place.
 G = Mean time per level.
                   A        B        C        D        E       F      G
               +--------+--------+--------+--------+--------+-----+--------+
         Total |  38546 |  37021 |   1525 |  18211 |  13101 |  27 | 1427.6 |
       Dungeon |  18936 |  18334 |    602 |   8083 |   7328 |  12 | 1578.0 |
        Temple |    221 |     42 |    179 |      0 |      7 |   1 |  221.0 |
          Lair |   9219 |   8764 |    455 |   3805 |   3922 |   6 | 1536.5 |
         Swamp |   3669 |   3580 |     89 |   2356 |    828 |   3 | 1223.0 |
   Spider Nest |     10 |     10 |      0 |      0 |      0 |   1 |   10.0 |
  Orcish Mines |   4103 |   3903 |    200 |   2238 |   1016 |   2 | 2051.5 |
      Ice Cave |   1050 |   1050 |      0 |    722 |      0 |   1 | 1050.0 |
       Volcano |   1334 |   1334 |      0 |   1007 |      0 |   1 | 1334.0 |
               +--------+--------+--------+--------+--------+-----+--------+

Top non-repeatable levels by time:
   Orc:2: 3316 daAuts
     D:5: 2984 daAuts
 Swamp:1: 2379 daAuts
     D:9: 2065 daAuts
     D:3: 1818 daAuts
  Lair:5: 1814 daAuts
  Lair:2: 1721 daAuts
     D:8: 1709 daAuts
    D:12: 1667 daAuts
  Lair:1: 1665 daAuts
  Lair:6: 1643 daAuts
     D:2: 1624 daAuts
  Lair:3: 1568 daAuts
     D:4: 1519 daAuts
    D:11: 1366 daAuts
